 Dungeon Crawl Stone Soup version 0.29.1-1-gd02db6906a (webtiles) character file.

Game seed: 14815463206651173939

11327 LabCoat the Cleaver (level 11, -8/83 (97) HPs)
             Began as a Hill Orc Fighter on Sept 25, 2022.
             Was a Priest of Trog.
             Killed from afar by Josephine (20 damage)
             ... with a ghostly fireball
             ... on level 11 of the Dungeon.
             The game lasted 00:31:22 (13119 turns).

LabCoat the Cleaver (Hill Orc Fighter)             Turns: 13119, Time: 00:31:24

HP:   -8/83 (97)    AC: 18    Str: 24    XL:     11   Next: 76%
MP:   0/11          EV:  7    Int:  8    God:    Trog [***...]
Gold: 716           SH:  6    Dex: 16    Spells: 10/10 levels left

rFire   . . .      SeeInvis +   a - +0 war axe (flame)
rCold   . . .      Faith    .   c - +0 buckler
rNeg    . . .      Spirit   +   w - +0 plate armour
rPois   .          Reflect  .   (no helmet)
rElec   .          Harm     .   x - +2 cloak
rCorr   .          Rampage  .   v - +0 pair of gloves
Will    .....                   (no boots)
Stlth   ..........              n - amulet of guardian spirit
HPRegen 0.23/turn               i - +6 ring of dexterity
MPRegen 0.12/turn               C - ring of see invisible

@: on berserk cooldown, slowed, heavily drained, very slow
A: no striking features
a: Renounce Religion, Berserk, Trog's Hand


You were on level 11 of the Dungeon.
You worshipped Trog.
Trog was most pleased with you.
You visited 2 branches of the dungeon, and saw 12 of its levels.
You also visited: Ossuary.

You collected 716 gold pieces.

Inventory:

Hand Weapons
 a - a +0 war axe of flaming (weapon)
Missiles
 d - 31 poisoned darts
 p - a curare-tipped dart
 t - 4 boomerangs (quivered)
 y - 3 throwing nets
Armour
 c - a +0 buckler (worn)
 v - a +0 pair of gloves (worn)
 w - a +0 plate armour (worn)
 x - a +2 cloak (worn)
Jewellery
 i - a +6 ring of dexterity (left hand)
 j - the ring "Dajydwup" {rElec rPois rF+ Will+ Str-5 Dex+3}
   (You found it on level 8 of the Dungeon)

   [ring of willpower]

   Str:       It affects your strength (-5).
   Dex:       It affects your dexterity (+3).
   rF:        It protects you from fire.
   rElec:     It insulates you from electricity.
   rPois:     It protects you from poison.
   Will:      It increases your willpower.
 n - an amulet of guardian spirit (around neck)
 C - a ring of see invisible (right hand)
Wands
 g - a wand of digging (5)
 z - a wand of charming (10)
 H - a wand of polymorph (8)
Scrolls
 k - 2 scrolls of blinking
 m - a scroll of enchant weapon {unknown}
 s - a scroll of summoning {unknown}
 u - a scroll of fog {unknown}
 D - a scroll of fear
 E - a scroll of magic mapping {unknown}
 G - a scroll of noise {unknown}
Potions
 b - 2 potions of magic
 e - 2 potions of ambrosia
 f - 3 potions of lignification
 l - a potion of curing
 o - 2 potions of haste
 q - a potion of flight
 r - a potion of cancellation {unknown}
 A - 2 potions of heal wounds
 F - 2 potions of degeneration {unknown}
 I - 3 potions of attraction {unknown}


   Skills:
 + Level 9.1 Fighting
 * Level 13.0 Axes
 + Level 6.2 Throwing
 + Level 8.3 Armour
 + Level 8.4 Shields
 + Level 6.9 Evocations


You had 10 spell levels left.
You didn't know any spells.
Your spell library contained the following spells:

 Spells                   Type           Power      Damage    Failure   Level
 Necrotise                Necr           0%         1d4       100%        1
 Poisonous Vapours        Pois/Air       0%         N/A       100%        2
 Vampiric Draining        Necr           0%         2d6       100%        3
 Corpse Rot               Necr/Pois/Air  0%         N/A       100%        4
 Summon Lightning Spire   Summ/Air       0%         N/A       100%        4
 Agony                    Necr           0%         N/A       100%        5
 Storm Form               Tmut/Air       0%         N/A       100%        7
 Maxwell's Capacitive Co  Air            0%         ∞         100%        8


Dungeon Overview and Level Annotations

Branches:
Dungeon (11/15)            Temple (1/1) D:4             Orc (0/2) D:9
Ossuary (visited)
   Lair: D:8-11

Altars:
Ashenzari
Cheibriados
Dithmenos
Elyvilon
Fedhas
Gozag
Hepliaklqana
Kikubaaqudgha
Makhleb
Nemelex Xobeh
Okawaru
Qazlal
Ru
Sif Muna
Trog
Uskayaw
Vehumet
Wu Jian
Xom
Yredelemnul
Zin
The Shining One

Shops:
D:4 :   D:5 *

Annotations:
D:11 Josephine


Message History

Josephine hits you but does no damage. Josephine barely misses you.
You slash Josephine! You burn Josephine.
Josephine is moderately wounded.
Josephine barely misses you.
You closely miss Josephine.
Josephine is moderately wounded.
Josephine hits you with a +0 dagger.
You slash Josephine! You burn Josephine.
Josephine is heavily wounded.
Josephine hits you with a +0 dagger. You block Josephine's attack.
You slash Josephine! You burn Josephine.
Josephine is severely wounded.
Josephine draws life force from you!
Josephine is healed by the life force!
You hit Josephine. You burn Josephine.
Josephine is severely wounded.
Josephine gestures at you while chanting.
The ghostly flame explodes!
The ghostly fireball engulfs you!!
You feel drained.
* * * LOW HITPOINT WARNING * * *
The ghostly fireball engulfs Josephine.
Josephine completely resists.
You feel much better. You block Josephine's attack.
Josephine hits you but does no damage.
You slash Josephine! You burn Josephine.
Josephine is almost dead.
Josephine hits you with a +0 dagger!
* * * LOW HITPOINT WARNING * * *
You closely miss Josephine.
Josephine is almost dead.
Josephine points at you and mumbles some strange words.
The ghostly flame explodes!
The ghostly fireball engulfs you!!
You feel drained.
* * * LOW HITPOINT WARNING * * *
The ghostly fireball engulfs Josephine.
Josephine completely resists.
You feel much better. Josephine draws life force from you!
* * * LOW HITPOINT WARNING * * *
Josephine is healed by the life force!
Josephine gestures at you while chanting.
The ghostly flame explodes!
The ghostly fireball engulfs you!!
You feel drained.
You die...

#.. ###.# ####...# .
......## .. .....## ...
#....######...#
#)...........#
##............#
###......@@...... #
####................
#####.........>.........
.............>.#########
..............##
..............#
..............#
..###....##...# ..#
########..#


You could see Josephine.

Vanquished Creatures
  A two-headed ogre (D:10)
  A cyclops (D:9)
  An ugly thing (D:11)
  Maggie (D:8)
  A komodo dragon (D:10)
  A troll (D:9)
  Prince Ribbit (D:6)
  A hornet (D:10)
  A vampire (D:10)
  5 wraiths
  14 yaks
  Eustachio (D:4)
  Grum (D:8)
  A steam dragon (D:7)
  Edmund (D:4)
  3 water moccasins
  5 orc warriors
  2 ice beasts
  3 sky beasts
  A black bear (D:7)
  5 centaurs
  4 wolves (D:8)
  6 kobold brigands
  3 phantoms
  A gnoll sergeant (D:6)
  A scorpion (D:6)
  3 necrophages (D:5)
  5 bullfrogs
  3 water moccasin zombies (Ossuary)
  3 wights (D:9)
  15 killer bees
  An electric eel (D:6)
  A howler monkey (D:7)
  7 orc priests
  2 jellies
  Crazy Yiuf (D:4)
  A gnoll bouda (D:5)
  A hound (D:5)
  2 iguanas
  8 orc wizards
  Natasha (thrice) (D:3)
  2 mummies (Ossuary)
  3 adders
  19 gnolls
  A shadow imp (D:6)
  An ufetubus (D:5)
  11 adder zombies (Ossuary)
  A worm (D:5)
  3 dart slugs
  16 orcs
  6 bats
  8 endoplasms
  5 giant cockroaches
  3 gnoll zombies (Ossuary)
  A goblin (D:2)
  6 hobgoblins
  6 quokkas
  5 ball pythons
  2 frilled lizards
  3 hobgoblin zombies (Ossuary)
  35 kobolds
  5 kobold zombies (Ossuary)
  6 orc zombies (Ossuary)
  5 rats
275 creatures vanquished.

Notes
Turn   | Place    | Note
-------+----------+-------------------------------------------
     0 | D:1      | LabCoat the Hill Orc Fighter began the quest for the Orb.
     0 | D:1      | Reached XP level 1. HP: 19/19 MP: 1/1
   284 | D:1      | Reached skill level 3 in Axes
   284 | D:1      | Reached XP level 2. HP: 20/27 MP: 2/2
   654 | D:1      | Found a faded altar of an unknown god.
   827 | D:2      | Reached XP level 3. HP: 33/33 MP: 3/3
  1241 | D:2      | Reached skill level 1 in Throwing
  1486 | D:3      | Noticed Natasha
  1490 | D:3      | Killed Natasha
  1491 | D:3      | Reached skill level 4 in Axes
  1491 | D:3      | Reached skill level 1 in Evocations
  1491 | D:3      | Reached XP level 4. HP: 30/40 MP: 4/4
  1713 | D:3      | Noticed Natasha
  1726 | D:3      | Killed Natasha
  1904 | D:3      | Noticed Natasha
  1910 | D:3      | Killed Natasha
  1911 | D:3      | Reached XP level 5. HP: 37/46 MP: 5/5
  2226 | D:3      | Noticed a kobold brigand
  2241 | D:3      | Killed a kobold brigand
  2242 | D:3      | Reached XP level 6. HP: 28/52 MP: 6/6
  2422 | D:3      | Reached skill level 5 in Axes
  2557 | D:3      | Reached XP level 7. HP: 46/60 MP: 5/7
  2868 | D:3      | Reached skill level 6 in Axes
  3376 | D:4      | Found a runed translucent door.
  3377 | D:4      | Noticed Crazy Yiuf
  3382 | D:4      | Killed Crazy Yiuf
  3442 | D:4      | Reached skill level 5 in Fighting
  3742 | D:4      | Found Cofuf's Book Shop.
  3824 | D:4      | Noticed Edmund
  3840 | D:4      | Killed Edmund
  3841 | D:4      | Reached XP level 8. HP: 59/68 MP: 5/8
  3923 | D:4      | Noticed Eustachio
  4174 | D:4      | Killed Eustachio
  4175 | D:4      | Reached skill level 7 in Axes
  4175 | D:4      | Reached skill level 5 in Shields
  4268 | D:4      | Found a staircase to the Ecumenical Temple.
  4278 | Temple   | Entered the Ecumenical Temple
  4308 | Temple   | Became a worshipper of Trog the Wrathful
  4563 | D:5      | Entered Level 5 of the Dungeon
  4574 | D:4      | Reached skill level 5 in Armour
  5218 | D:5      | Found Jeaker's Serpentskin Sales.
  5240 | D:5      | Reached skill level 8 in Axes
  5805 | D:5      | Reached XP level 9. HP: 51/75 MP: 6/9
  6293 | D:6      | Noticed Prince Ribbit
  6314 | D:6      | Killed Prince Ribbit
  6314 | D:6      | Reached * piety under Trog
  6586 | D:6      | Reached skill level 9 in Axes
  7683 | D:7      | Reached skill level 5 in Evocations
  7713 | D:7      | Reached skill level 10 in Axes
  7773 | D:7      | Reached XP level 10. HP: 86/86 MP: 10/10
  8058 | D:7      | Found a sand-covered staircase.
  8062 | Ossuary  | Entered an ossuary
  8140 | Ossuary  | Reached ** piety under Trog
  8910 | D:7      | Found an iron altar of Okawaru.
  9093 | D:8      | Noticed Maggie
  9108 | D:8      | Killed Maggie
  9337 | D:8      | Reached skill level 5 in Throwing
  9339 | D:8      | Reached skill level 11 in Axes
  9470 | D:8      | Found a broken altar of Ashenzari.
  9499 | D:8      | Found a white marble altar of Elyvilon.
  9500 | D:8      | Identified the ring "Dajydwup" {rElec rPois rF+ Will+ Str-5
                  | Dex+3}
  9524 | D:8      | You fall into a shaft and drop 2 floors!
  9524 | D:10     | Entered Level 10 of the Dungeon
  9706 | D:10     | Paralysed by a hornet for 3 turns
 10262 | D:9      | Reached XP level 11. HP: 37/94 MP: 3/11
 10505 | D:9      | Noticed Erica
 10883 | D:9      | Found a sacrificial altar of Ru.
 10883 | D:9      | Found an ancient bone altar of Kikubaaqudgha.
 10884 | D:9      | Found an ornate altar of the Wu Jian Council.
 11126 | D:8      | Reached skill level 12 in Axes
 11354 | D:8      | Noticed Grum
 11364 | D:8      | Reached *** piety under Trog
 11370 | D:8      | Killed Grum
 11452 | D:8      | Identified the +8 falchion "Arbiter" {drain, Int+2}
 11989 | D:9      | Found a hazy altar of Hepliaklqana.
 12008 | D:9      | Found a radiant altar of Vehumet.
 12013 | D:9      | Noticed Erica
 12013 | D:9      | Erica changed into Erica the cyclops
 12022 | D:9      | Killed Erica the cyclops
 12273 | D:9      | Found a staircase to the Orcish Mines.
 12451 | D:10     | Found a basalt altar of Yredelemnul.
 12917 | D:10     | Noticed a two-headed ogre
 12924 | D:10     | Killed a two-headed ogre
 13055 | D:11     | Noticed a purple ugly thing
 13067 | D:11     | Killed a purple ugly thing
 13091 | D:11     | Reached skill level 13 in Axes
 13107 | D:11     | Noticed Josephine
 13118 | D:11     | HP: 1/87 [Josephine/ghostly fireball (26)]
 13119 | D:11     | Killed from afar by Josephine

Illustrated notes

Levels and vault maps discovered:
D:1:      elethiomel_arrival_infinity_welcomes_careful_drivers, layout_basic,
          hellmonk_ecumenical_altar_zigzags
D:2:      layout_loops_ring
D:3:      minmay_goblin_kobold_castle, layout_basic, uniq_natasha
D:4:      layout_basic, minmay_temple_entry_poolview, serial_shops, shop,
          uniq_edmund, uniq_eustachio, uniq_crazy_yiuf_cottage
D:5:      layout_cave_pods, nrook_campfire, grunt_ministairs_8,
          guppyfry_shop_venom
D:6:      layout_rooms, glass_columns_c, kennysheep_dice, uniq_prince_ribbit1
D:7:      layout_loops_ring, okawaru_trees_2, nicolae_ossuary_entry_plus
D:8:      layout_cave_pods, mainiacjoe_overflow_catch_the_wave, uniq_maggie,
          uniq_grum
D:9:      layout_stronghold, gammafunk_temple_overflow_claw,
          mainiacjoe_overflow_large_starburst, orc_0_dummy,
          hangedman_abyss_or_decor_passed, uniq_erica
D:10:     layout_rooms, mainiacjoe_overflow_concentric_impassable, minivault_25
D:11:     layout_layer_cave, erik_lair_orcish_takeover, uniq_josephine
Temple:   oiseaux_autumnal_temple

Skill      XL: |  1  2  3  4  5  6  7  8  9 10 11 |
---------------+----------------------------------+-----
Axes           | 3 4 5 6 8 10 11 13 | 13.0
Throwing       | 1 2 3 4 5 6 |  6.2
Evocations     | 1 2 3 4 5 6 |  6.9
Fighting       | 4 5 6 7 8 9 |  9.1
Armour         | 4 5 6 7 8 |  8.3
Shields        | 4 5 6 7 8 |  8.4

Action                   |  1- 3 |  4- 6 |  7- 9 | 10-12 || total
-------------------------+-------+-------+-------+-------++-------
Melee: War axe           |    77 |   104 |   320 |   376 ||   877
Throw: Dart              |       |       |     4 |     7 ||    11
       Boomerang         |       |       |       |     1 ||     1
Invok: Berserk           |       |       |     1 |     4 ||     5
       Trog's Hand       |       |       |       |     1 ||     1
Evoke: Wand              |       |       |       |    14 ||    14
  Use: Scroll            |     6 |     1 |     6 |     9 ||    22
       Potion            |       |     1 |     4 |     6 ||    11
Armor: Scale mail        |    36 |    31 |    26 |       ||    93
       Chain mail        |       |       |   178 |   111 ||   289
       Plate armour      |       |       |       |    94 ||    94
Dodge: Dodged            |    30 |    39 |   127 |   112 ||   308
Block: Buckler           |    17 |    26 |   105 |   102 ||   250
